 Dungeon Crawl Stone Soup version 0.29-a0-993-g4a18f31a58 (webtiles) character file.

Game seed: 14133728677436529769

324 vurker the Sneak (level 6, -2/32 HPs)
             Began as a Vine Stalker Enchanter on Aug 2, 2022.
             Succumbed to a water moccasin's poison
             ... on level 5 of the Dungeon.
             The game lasted 00:06:55 (3710 turns).

vurker the Sneak (Vine Stalker Enchanter)           Turns: 3710, Time: 00:06:56

Health: -2/32      AC:  3    Str: 12    XL:     6   Next: 48%
Magic:  2/10       EV: 10    Int: 21    God:
Gold:   231        SH:  7    Dex: 15    Spells: 9/9 levels left

rFire   . . .      SeeInvis .   i - +0 dagger (venom)
rCold   . . .      Faith    .   q - +0 kite shield
rNeg    . . .      Spirit   +   b - +0 robe
rPois   .          Reflect  .   d - +0 helmet
rElec   .          Harm     .   (no cloak)
rCorr   .          Rampage  .   (no gloves)
Will    .....                   (no boots)
Stlth   +++.......              (no amulet)
HPRegen 0.90/turn               j - +6 ring of intelligence
MPRegen 0.12/turn               (no ring)

@: lethally poisoned (-2 -> -15)
A: fangs 2, regeneration 1, magic shield, antimagic bite, no potion heal 2
a: no special abilities


You were on level 5 of the Dungeon.
You visited 1 branch of the dungeon, and saw 5 of its levels.

You collected 231 gold pieces.

Inventory:

Hand Weapons
 a - a +4 dagger
   (You took it off a goblin on level 2 of the Dungeon)
 i - a +0 dagger of venom (weapon)
   (You took it off a goblin on level 1 of the Dungeon)
Armour
 b - a +0 robe (worn)
 d - a +0 helmet (worn)
   (You found it on level 3 of the Dungeon)
 q - a +0 kite shield (worn)
   (You found it on level 3 of the Dungeon)
Jewellery
 j - a +6 ring of intelligence (left hand)
   (You found it on level 3 of the Dungeon)
 p - a +4 ring of evasion
   (You found it on level 3 of the Dungeon)
Wands
 r - a wand of polymorph (6)
   (You found it on level 4 of the Dungeon)
 t - a wand of flame (7)
   (You took it off Ijyb on level 1 of the Dungeon)
Scrolls
 e - a scroll of butterflies {unknown}
 g - a scroll of amnesia {unknown}
 h - a scroll of identify
 l - a scroll of poison
 n - a scroll of enchant armour {unknown}
 o - a scroll of teleportation
Potions
 c - 2 potions of invisibility
 f - a potion of mutation {unknown}
 k - 2 potions of degeneration {unknown}
 m - a potion of might {unknown}
 s - a potion of haste {unknown}


   Skills:
 + Level 2.7 Fighting
 * Level 4.2 Short Blades
 - Level 1.5 Dodging
 + Level 5.2 Stealth
 - Level 2.1 Spellcasting
 - Level 3.0 Hexes


You had 9 spell levels left.
You didn't know any spells.
Your spell library contained the following spells:

 Spells                   Type           Power      Damage    Failure   Level
 Ensorcelled Hibernation  Hex/Ice        16%        N/A       41%         2
 Confusing Touch          Hex            14%        N/A       43%         3
 Tukima's Dance           Hex            14%        N/A       43%         3
 Magic Dart               Conj           8%         1d3       47%         1
 Searing Ray              Conj           4%         2d4       63%         2
 Dazzling Flash           Conj/Hex       16%        N/A       65%         3
 Fulminant Prism          Conj/Hex       4%         3d6       96%         4
 Passage of Golubria      Tloc           2%         N/A       99%         4
 Yara's Violent Unravell  Hex/Tmut       4%         3d4       100%        5
 Enfeeble                 Hex            7%         N/A       100%        7


Dungeon Overview and Level Annotations

Branches:
Dungeon (5/15)
 Temple: D:4-7

Altars:
Ashenzari
Makhleb
Sif Muna

Shops:
D:3 (   D:4 *!


Innate Abilities, Weirdness & Mutations

You have extremely sharp teeth.
Your natural rate of healing is unusually fast.
When hurt, damage is shared between your health and your magic reserves.
Your bite disrupts and absorbs the magic of your enemies.
Potions cannot restore your health.


Message History

Your bite misses the water moccasin. The water moccasin bites you!
You are poisoned.
The water moccasin poisons you! The water moccasin barely misses you.
You hit the water moccasin.
The water moccasin is poisoned.
Your bite misses the water moccasin.
You feel very sick. The water moccasin closely misses you.
You are too injured to fight recklessly!
You are too injured to fight recklessly!
You feel very sick.
The water moccasin attacks as you move away!
The water moccasin closely misses you.
You feel sick. You block the water moccasin's attack.
You feel sick.
The water moccasin attacks as you move away!
The water moccasin closely misses you.
You feel sick. The water moccasin barely misses you.
The water moccasin attacks as you move away!
The water moccasin barely misses you.
You feel sick.
You barely miss the water moccasin.
You bite the water moccasin, but do no damage.
You feel sick. The water moccasin barely misses you.
You feel sick. The water moccasin barely misses you.
You hit the water moccasin but do no damage.
You bite the water moccasin. You drain its power.
You feel invigorated.
You feel sick. You block the water moccasin's attack.
You hit the water moccasin. Your bite misses the water moccasin.
You feel sick.
You are no longer poisoned.
You block the water moccasin's attack.
The water moccasin bites you but does no damage.
The water moccasin attacks as you move away!
The water moccasin bites you!
* * * LOW HITPOINT WARNING * * *
You are poisoned.
The water moccasin poisons you!
* * * LOW HITPOINT WARNING * * *
You feel very sick.
You feel sick.
The water moccasin attacks as you move away!
You block the water moccasin's attack.
You feel sick. The water moccasin bites you.
* * * LOW HITPOINT WARNING * * *
You hit the water moccasin but do no damage.
You bite the water moccasin, but do no damage.
* * * LOW HITPOINT WARNING * * *
You feel sick. The water moccasin bites you.
You are lethally poisoned!
The water moccasin poisons you!
You barely miss the water moccasin. Your bite misses the water moccasin.
You die...

#......#
#..#
#..#####
#..##<.#
#......##
#.##....##
#. ####..#
#. ##S# #.
#@# #. #.#
#. #.# #.#
#.# #..
##. .


You could see a water moccasin (poisoned).

Vanquished Creatures
  A hound (D:4)
  A jelly (D:3)
  Ijyb (D:1)
  Natasha (thrice) (D:2)
  4 adders
  4 gnolls
  A worm (D:3)
  2 orcs (D:3)
  9 ball pythons
  7 endoplasms
  4 giant cockroaches
  17 goblins
  5 hobgoblins
  2 jackals (D:3)
  5 quokkas
  5 bats
  5 frilled lizards
  8 kobolds
  7 rats
91 creatures vanquished.

Notes
Turn   | Place    | Note
-------+----------+-------------------------------------------
     0 | D:1      | vurker the Vine Stalker Enchanter began the quest for the
                  | Orb.
     0 | D:1      | Reached XP level 1. HP: 9/9 MP: 4/4
    36 | D:1      | Reached skill level 1 in Short Blades
    53 | D:1      | Reached XP level 2. HP: 2/14 MP: 1/6
   773 | D:1      | Reached skill level 1 in Fighting
  1043 | D:1      | Reached XP level 3. HP: 18/18 MP: 7/7
  1163 | D:1      | Found a faded altar of an unknown god.
  1371 | D:2      | Noticed Natasha
  1639 | D:2      | Killed Natasha
  1640 | D:2      | Reached skill level 4 in Stealth
  1640 | D:2      | Gained mutation: Your natural rate of healing is unusually
                  | fast. [Vine Stalker growth]
  1640 | D:2      | Reached XP level 4. HP: 16/22 MP: 4/8
  1675 | D:2      | Noticed Ijyb
  1697 | D:1      | HP: 1/22 [Ijyb/puff of flame (5)]
  1701 | D:1      | Killed Ijyb
  1903 | D:2      | Noticed Natasha
  1917 | D:2      | Killed Natasha
  1918 | D:2      | Reached XP level 5. HP: 19/26 MP: 5/9
  1994 | D:2      | Noticed Natasha
  2004 | D:2      | Killed Natasha
  2006 | D:2      | You fall into a shaft and drop 2 floors!
  2061 | D:4      | Found Orhe Pon's Gadget Gallery.
  2386 | D:3      | Reached XP level 6. HP: 32/32 MP: 10/10
  2513 | D:3      | Reached skill level 5 in Stealth
  2590 | D:3      | Found Kofepn's Weapon Boutique.
  2640 | D:3      | Found a broken altar of Ashenzari.
  2898 | D:3      | Found a burning altar of Makhleb.
  2898 | D:3      | Found a shimmering blue altar of Sif Muna.
  3380 | D:4      | Found Tiuplool's Distillery.
  3686 | D:5      | Entered Level 5 of the Dungeon
  3689 | D:5      | Noticed a water moccasin
  3709 | D:5      | HP: 1/32 [poisoned by a water moccasin]
  3710 | D:5      | Succumbed to a water moccasin's poison

Illustrated notes

Levels and vault maps discovered:
D:1:      ncdulo_smallfort, layout_rooms, shapermc_ecumenical_altar_venn
D:2:      kennysheep_the_goblin_king, layout_rooms, uniq_natasha
D:3:      layout_loops_ring, ashenzari_altar_1, gammafunk_temple_overflow_pools,
          serial_shops, nicolae_diamond_shop
D:4:      layout_loops_ring, serial_shops, nicolae_shop_statue_plus,
          nicolae_shop_gadgets
D:5:      layout_rooms, kennysheep_vampire_church, nicolae_tso_besieged_by_evil,
          kennysheep_minor_cross, lightli_minifort

Skill      XL: |  1  2  3  4  5  6 |
---------------+-------------------+-----
Short Blades   | 1 2 3 4 |  4.2
Fighting       | 1 2 |  2.7
Stealth        | 4 5 |  5.2
Dodging        | |  1.5
Spellcasting   | |  2.1
Hexes          | |  3.0

Action                   |  1- 3 |  4- 6 || total
-------------------------+-------+-------++-------
Melee: Dagger            |    96 |   186 ||   282
       Bite              |    19 |    58 ||    77
       Punch             |     1 |     2 ||     3
  Use: Scroll            |       |     5 ||     5
 Stab: Sleeping          |     7 |    11 ||    18
       Distracted        |       |     1 ||     1
Armor: Robe              |    11 |    29 ||    40
Dodge: Dodged            |    53 |   103 ||   156
Block: Kite shield       |       |    20 ||    20

Table legend: (Time is in decaauts)
 A = Elapsed time spent in this place.
 B = Non-inter-level travel time spent in this place.
 C = Inter-level travel time spent in this place.
 D = Time resting spent in this place.
 E = Time spent auto-exploring this place.
 F = Levels seen in this place.
 G = Mean time per level.
                   A        B        C        D        E       F      G
               +--------+--------+--------+--------+--------+-----+--------+
         Total |   3700 |   3656 |     44 |    299 |   2580 |   5 |  740.0 |
       Dungeon |   3700 |   3656 |     44 |    299 |   2580 |   5 |  740.0 |
               +--------+--------+--------+--------+--------+-----+--------+

Top non-repeatable levels by time:
     D:1: 1656 daAuts
     D:3: 743 daAuts
     D:4: 671 daAuts
     D:2: 605 daAuts
     D:5: 23 daAuts
